AoeStats
← Nexblux

Arena

506075542Analyzed
3v3 RM · 21d ago on Sep 12, 2026· 42m 55s· 6 players
Game mode
Random Map
Map size
Normal (6 player)
Population
200
Speed
Normal
Resources
Standard
Victory
Conquest
Starting age
Dark Age
Ending age
Imperial Age
RankedLock teamsTeams togetherTeam positionsShared explorationLock speedFull tech treeHidden civsTurbo modeCheats
Victory
Defeat
🇲🇽 Poles · Mexico
1186
+7
🇲🇽 Berbers · Mexico
1041
+12
🇦🇷 Hindustanis · Argentina
935
+16
🇩🇪 Bohemians · Germany
967
-12
🇦🇺 Poles · Australia
961
-12
🇵🇪 Portuguese · Peru
928
-11
Admw
Big Olaf
0:29 Loom
11:08 Feudal Age
16:16 Wheelbarrow
18:47 Castle Age
19:40 Double-Bit Axe
19:38 Horse Collar
21:27 Bow Saw
25:13 Hand Cart
26:56 Chemistry
30:43 Pikeman
31:24 Squires
34:42 Imperial Age
31:58 Town Watch
32:43 Heavy Plow
34:40 Forging
34:30 Scale Mail Armor
36:35 Two-Man Saw
37:29 Iron Casting
38:40 Treadmill Crane
39:11 Masonry
39:22 Ballistics
39:01 Halberdier
39:48 Town Patrol
hlsg20002000
10:48 Feudal Age
12:00 Double-Bit Axe
12:09 Gold Mining
18:21 Castle Age
24:37 Wheelbarrow
25:24 Loom
26:36 Fletching
28:04 Hand Cart
27:48 Bodkin Arrow
29:10 Forging
30:41 Iron Casting
34:07 Imperial Age
31:48 Padded Archer Armor
32:57 Scale Mail Armor
37:21 Ballistics
39:29 Chemistry
FlashKiller
10:41 Feudal Age
8:57 Loom
14:58 Castle Age
13:12 Double-Bit Axe
14:18 Horse Collar
15:15 Wheelbarrow
15:17 Fletching
15:57 Bow Saw
21:20 Town Watch
27:39 Gold Mining
29:06 Heavy Plow
31:38 Imperial Age
29:22 Scale Barding Armor
29:28 Forging
29:44 Town Patrol
30:01 Hand Cart
30:02 Scale Mail Armor
31:06 Squires
30:55 Arson
31:48 Iron Casting
32:24 Chain Mail Armor
33:01 Crop Rotation
33:51 Blast Furnace
33:00 Siege Engineers
34:44 Chemistry
34:40 Bodkin Arrow
36:06 Chain Barding Armor
36:17 Bloodlines
36:23 Husbandry
36:56 Plate Mail Armor
36:23 Cavalier
37:12 Szlachta Privileges
37:36 Conscription
39:25 Stone Mining
42:58 Fortified Wall
Canek
10:19 Feudal Age
12:42 Loom
15:52 Castle Age
13:59 Double-Bit Axe
16:24 Horse Collar
16:56 Bow Saw
16:47 Gold Mining
18:40 Heavy Plow
24:14 Fervor
25:24 Forging
25:19 Scale Barding Armor
27:31 Gold Shaft Mining
26:52 Stone Mining
30:22 Stone Shaft Mining
30:58 Wheelbarrow
32:53 Imperial Age
30:57 Ballistics
30:46 Husbandry
30:33 Pikeman
31:14 Squires
31:38 Bloodlines
31:29 Light Cavalry
32:05 Treadmill Crane
33:42 Hussar
35:25 Chemistry
34:44 Hand Cart
35:10 Crop Rotation
35:17 Masonry
36:10 Iron Casting
37:39 Conscription
38:13 Chain Barding Armor
39:52 Fletching
40:03 Padded Archer Armor
42:42 Bodkin Arrow
43:02 Leather Archer Armor
43:23 Plate Barding Armor
Nexblux
8:52 Loom
10:37 Feudal Age
12:15 Double-Bit Axe
12:15 Horse Collar
14:51 Gold Mining
17:21 Castle Age
15:36 Stone Mining
17:04 Scale Barding Armor
18:17 Bow Saw
18:19 Heavy Plow
22:13 Gold Shaft Mining
22:48 Town Watch
24:14 Chain Barding Armor
25:28 Wheelbarrow
26:10 Town Patrol
28:23 Forging
28:13 Scale Mail Armor
30:17 Stone Shaft Mining
30:20 Grand Trunk Road
30:50 Hand Cart
33:43 Imperial Age
32:44 Iron Casting
32:24 Chain Mail Armor
34:03 Heavy Camel Rider
37:28 Chemistry
36:49 Ballistics
36:09 Imperial Camel Rider
38:09 Shatagni
Connection lost

Rejoining the realm…

Still unreachable

The connection could not be restored.

Session expired

The server has moved on; the page needs a fresh start.